 Dungeon Crawl Stone Soup version 0.17-a0-1468-gbf503c2 (webtiles) character file.

12940 pulse the Cleaver (level 12, -5/92 HPs)
             Began as a Formicid Berserker on July 1, 2015.
             Was a High Priest of Trog.
             Slain by a 13-headed hydra (7 damage)
             ... on level 11 of the Dungeon.
             The game lasted 00:40:06 (15892 turns).

pulse the Cleaver (Formicid Berserker)             Turns: 15892, Time: 00:40:06

Health: -5/92      AC: 20    Str: 29    XL:     12   Next: 26%
Magic:  0/4        EV:  9    Int:  7    God:    Trog [*****.]
Gold:   279        SH: 13    Dex: 13    Spells: 0 memorised, 11 levels left

rFire  . . .     SeeInvis +     N - +2 battleaxe (antimagic)
rCold  . . .     Clarity  .     q - +0 chain mail
rNeg   . . .     SustAt   +     v - +1 shield
rPois  .         Gourm    .     (helmet unavailable)
rElec  .         Spirit   +     b - +0 cloak
rCorr  .         Warding  .     a - +2 pair of gloves {Dex+3}
rMut   .         Stasis   +     K - +0 pair of boots
MR     +....                    x - amulet of guardian spirit
Stlth  ..........               p - ring of sustain attributes
                                M - +3 ring of protection

@: somewhat resistant to hostile enchantments, extremely unstealthy
A: permanent stasis, dig shafts and tunnels, four strong arms, antennae 3,
strong 1
a: Dig, Shaft Self, Burn Spellbooks, Trog's Hand, Brothers in Arms, Renounce
Religion


You were on level 11 of the Dungeon.
You worshipped Trog.
Trog was extremely pleased with you.
You were not hungry.

You visited 1 branch of the dungeon, and saw 11 of its levels.

You collected 597 gold pieces.
You spent 318 gold pieces at shops.

Inventory:

Hand weapons
 N - a +2 antimagic battleaxe (weapon)
Armour
 a - a +2 pair of gloves of dexterity (worn)
 b - a +0 cloak (worn)
 q - a +0 chain mail (worn)
 v - a +1 shield (worn)
 K - a +0 pair of boots (worn)
Jewellery
 n - an uncursed ring of stealth
 p - a ring of sustain attributes (right hand)
 x - an amulet of guardian spirit (around neck)
 y - an uncursed ring of poison resistance
 M - a +3 ring of protection (left hand)
Magical devices
 g - a wand of draining (9)
 r - a wand of polymorph (3)
 u - a wand of digging (12)
 G - a wand of cold (2)
 H - a wand of magic darts (21)
Scrolls
 d - 5 scrolls of identify
 e - a scroll of enchant weapon
 f - 6 scrolls of remove curse
 h - 3 scrolls of teleportation {unknown}
 j - a scroll of random uselessness {unknown}
 k - 2 scrolls of fog {unknown}
 l - 2 scrolls of magic mapping {unknown}
 o - a scroll of noise {unknown}
 s - a scroll of immolation {unknown}
 t - a scroll of blinking {unknown}
 E - a scroll of holy word {unknown}
 J - a scroll of recharging {unknown}
Potions
 w - a potion of curing
 z - a potion of brilliance
 B - 2 potions of lignification
 F - a potion of cancellation
 I - a potion of ambrosia
 L - 2 potions of flight
Miscellaneous
 i - a plain deck of defence
Comestibles
 c - 9 bread rations
 m - 5 fruits
 A - 8 slices of pizza
 C - 2 beef jerkies


   Skills:
 - Level 7.8 Fighting
 * Level 13.9 Axes
 - Level 8.7 Armour
 - Level 1.8 Dodging
 - Level 9.2 Shields
 + Level 0.2 Evocations


You had 11 spell levels left.
You didn't know any spells.

Dungeon Overview and Level Annotations

Branches:
Dungeon (11/15)            Temple (0/1) D:6            Lair (0/8) D:10
    Orc: D:9-12

Altars:
Ashenzari
Dithmenos
Ru
Trog

Shops:
D:4 *

Annotations:
D:6 exclusion: oklob sapling
D:8 cireshan's ghost, experienced DECj


Innate Abilities, Weirdness & Mutations

You are under a permanent stasis effect.
You can dig through walls and to a lower floor.
Your four strong arms can wield two-handed weapons with a shield.
You have a pair of large antennae on your head (SInv).
Your muscles are strong. (Str +2)


Message History

* * * LOW HITPOINT WARNING * * *
You block the 13-headed hydra's attack. The 13-headed hydra closely misses you.
You block the 13-headed hydra's attack. The 13-headed hydra closely misses you.
The 13-headed hydra bites you!
* * * LOW HITPOINT WARNING * * *
The 13-headed hydra closely misses you. The 13-headed hydra barely misses you.
Use which ability? (? or * to list) Are you sure you want to shaft yourself?
You feel quite a bit more hungry.
The 13-headed hydra bites you but does no damage. x2
The 13-headed hydra completely misses you.
The 13-headed hydra bites you.
* * * LOW HITPOINT WARNING * * *
You block the 13-headed hydra's attack. The 13-headed hydra closely misses you.
The 13-headed hydra misses you.
The 13-headed hydra bites you but does no damage.
The 13-headed hydra bites you!
* * * LOW HITPOINT WARNING * * *
The 13-headed hydra bites you!
You die...

#.# ##......#
#
#.###..######
#..#..##
#...## ###.##
#...##
#.)###.## #.
##.## # ##@#
##D......
h......
..####. ...
.... .....
.#....


You could see a 13-headed hydra and a black bear.

Vanquished Creatures
  Harold (D:11)
  An unseen horror (D:10)
  Pikel (D:7)
  A hill giant (D:10)
  An ugly thing (D:11)
  Psyche (D:8)
  A gargoyle (D:10)
  5 slime creatures (D:10)
  A deep elf mage (D:9)
  7 yaks
  A human (shapeshifter) (D:11)
  A human (D:7)
  Grum (D:9)
  A hippogriff (D:7)
  4 wolves (D:9)
  A soldier ant (D:11)
  A water moccasin (D:10)
  3 sky beasts
  4 ice beasts
  3 slaves (D:7)
  4 necrophages
  4 centaurs
  9 ogres
  3 phantoms
  2 black bears
  A crocodile (D:11)
  9 giant frogs
  3 big kobolds
  9 killer bees
  9 wights
  2 centaur zombies
  4 crimson imps
  6 hounds
  5 jellies
  9 orc wizards
  A giant frog skeleton (D:7)
  A quasit (D:9)
  Crazy Yiuf (D:6)
  A centaur skeleton (D:11)
  7 orc priests
  Ijyb (D:3)
  Jessica (D:3)
  5 iguanas
  11 worker ants
  4 sheep (D:7)
  A hound skeleton (D:9)
  12 adders
  3 gnolls (D:5)
  2 shadow imps
  3 worms (D:2)
  An adder skeleton (D:3)
  An adder zombie (D:6)
  5 giant geckos
  45 orcs
  3 ball pythons
  18 bats
  2 bat skeletons
  A bat zombie (D:6)
  7 giant cockroaches
  14 goblins
  13 hobgoblins
  14 jackals
  27 kobolds
  5 quokkas
  A ball python skeleton (D:4)
  2 giant newts
  11 rats
343 creatures vanquished.

Vanquished Creatures (others)
  A slave (D:7)
  A wight (D:7)
  2 plants (D:10)
4 creatures vanquished.

Grand Total: 347 creatures vanquished

Notes
Turn   | Place    | Note
--------------------------------------------------------------
     0 | D:1      | pulse the Formicid Berserker began the quest for the Orb.
     0 | D:1      | Reached XP level 1. HP: 18/18 MP: 1/1
   252 | D:1      | Reached XP level 2. HP: 24/24 MP: 2/2
   440 | D:1      | Found a shattered altar of Ashenzari.
   856 | D:2      | Reached XP level 3. HP: 27/29 MP: 3/3
   901 | D:2      | Acquired Trog's second power
   901 | D:2      | Reached skill level 4 in Axes
  1402 | D:2      | Noticed a moth of wrath
  1404 | D:2      | Found a bloodstained altar of Trog.
  1447 | D:2      | Reached XP level 4. HP: 22/35 MP: 4/4
  1706 | D:2      | Reached skill level 5 in Axes
  2427 | D:3      | Reached XP level 5. HP: 35/41 MP: 5/5
  2428 | D:3      | Gained mutation: Your muscles are strong. (Str +2) [potion of mutation]
  2428 | D:3      | Gained mutation: You evolve. [potion of mutation]
  2428 | D:3      | Gained mutation: Your body sometimes deteriorates upon taking damage. [potion of mutation]
  2719 | D:3      | Noticed Jessica
  2728 | D:3      | Killed Jessica
  2760 | D:3      | Found a sacrificial altar of Ru.
  2793 | D:3      | Noticed Ijyb
  2814 | D:3      | Lost mutation: Your body sometimes deteriorates upon taking damage. [evolution]
  2814 | D:3      | Lost mutation: You evolve. [end of evolution]
  2819 | D:3      | Killed Ijyb
  2954 | D:3      | Reached XP level 6. HP: 27/47 MP: 6/6
  3745 | D:4      | Found Cutaob's General Store.
  3751 | D:4      | Bought a potion of curing for 39 gold pieces
  4108 | D:3      | Reached skill level 6 in Axes
  4269 | D:3      | Reached skill level 1 in Shields
  4543 | D:4      | Reached XP level 7. HP: 40/54 MP: 7/7
  4885 | D:5      | Entered Level 5 of the Dungeon
  5851 | D:4      | Reached XP level 8. HP: 56/61 MP: 8/8
  5878 | D:5      | Acquired Trog's third power
  6198 | D:5      | Received a gift from Trog
  6362 | D:4      | Reached skill level 7 in Axes
  6362 | D:4      | Reached skill level 5 in Armour
  7616 | D:6      | Reached skill level 8 in Axes
  7616 | D:6      | Reached XP level 9. HP: 52/67 MP: 9/9
  7792 | D:6      | Reached skill level 5 in Fighting
  7792 | D:6      | Reached skill level 5 in Shields
  7803 | D:6      | Found a staircase to the Ecumenical Temple.
  7902 | D:6      | Noticed Crazy Yiuf
  7910 | D:6      | Killed Crazy Yiuf
  9331 | D:7      | Noticed Pikel
  9343 | D:7      | Killed Pikel
  9343 | D:7      | Reached skill level 9 in Axes
  9348 | D:7      | Reached XP level 10. HP: 36/76 MP: 10/10
  9923 | D:4      | Bought a +2 pair of gloves of dexterity for 279 gold pieces
 10420 | D:8      | Received a gift from Trog
 10431 | D:8      | Noticed cireshan's ghost (experienced DECj)
 10449 | D:8      | You fall through a shaft!
 10710 | D:9      | Reached skill level 10 in Axes
 11242 | D:8      | Noticed Psyche
 11257 | D:8      | Killed Psyche
 11413 | D:9      | Found a shadowy altar of Dithmenos.
 11642 | D:9      | Noticed Grum
 11651 | D:9      | Killed Grum
 12032 | D:9      | Reached XP level 11. HP: 70/84 MP: 11/11
 12132 | D:9      | Reached skill level 11 in Axes
 12711 | D:10     | Entered Level 10 of the Dungeon
 12960 | D:10     | Noticed an unseen horror
 12982 | D:10     | Killed an unseen horror
 12993 | D:10     | Found a staircase to the Lair.
 12997 | D:10     | Reached skill level 12 in Axes
 13697 | D:10     | Noticed a hill giant
 13704 | D:10     | Killed a hill giant
 14138 | D:10     | Received a gift from Trog
 14433 | D:10     | Reached skill level 13 in Axes
 14789 | D:10     | Reached XP level 12. HP: 60/92 MP: 4/12
 15686 | D:11     | Noticed Harold
 15696 | D:11     | Killed Harold
 15883 | D:11     | Noticed a six-headed hydra
 15892 | D:11     | HP: 2/92 [13-headed hydra (8)]
 15892 | D:11     | Slain by a 13-headed hydra

Vault maps used:
D:1:      dpeg_arrival_stone_temple_mockup, kennysheep_crisscross,
          evilmike_ruin_ashenzari
D:2:      tgw_trog
D:3:      nicolae_overflow_hidden_temple, uniq_jessica, uniq_iyjb
D:4:      lemuel_upstairs_altar, serial_shops, shop, first_bread, st_stairs_5
D:5:      minmay_misc_feat_roman
D:6:      minmay_temple_entry_oklob, st_stairs_5, uniq_crazy_yiuf_cottage
D:7:      minmay_misc_feat_pillars, grunt_livestock, uniq_pikel
D:8:      grunt_decor_one_mirror, hex_medium, uniq_psyche
D:9:      grunt_dithmenos_smoke, uniq_grum
D:10:     dpeg_oklobed_lair
D:11:     minivault_12, uniq_harold

Action                   |  1- 3 |  4- 6 |  7- 9 | 10-12 || total
-------------------------+-------+-------+-------+-------++-------
Melee: Hand axe          |   114 |   227 |   494 |       ||   835
       War axe           |       |       |    72 |    20 ||    92
       Broad axe         |       |       |       |   452 ||   452
       Battleaxe         |       |       |       |   165 ||   165
Invok: Trog's Hand       |       |       |     1 |       ||     1
       Burn Spellbooks   |       |       |     1 |     1 ||     2
 Abil: Shaft Self        |       |       |       |     2 ||     2
Evoke: Wand              |       |       |       |     2 ||     2
  Use: Scroll            |     4 |     3 |     7 |     3 ||    17
       Potion            |     2 |     3 |     4 |     2 ||    11
 Stab: Sleeping          |       |     1 |       |       ||     1
  Eat: Chunk             |       |     9 |    14 |     9 ||    32
       Fruit             |       |     1 |     2 |     1 ||     4
       Pizza             |       |     1 |       |       ||     1
       Beef jerky        |       |       |     1 |     1 ||     2
       Royal jelly       |       |       |     1 |       ||     1
       Meat ration       |       |       |       |     2 ||     2
